[Event "Vienna Championship-B 2022"]
[Site "Vienna"]
[Date "2022.09.17"]
[Round "1.1"]
[White "Kummer, Helmut"]
[Black "Wickramasinghe, Nathaniel"]
[Result "1-0"]
[ECO "E73"]
[WhiteElo "2203"]
[BlackElo "1760"]
[Annotator "TA"]
[PlyCount "91"]
[EventDate "2022.09.17"]
[EventType "swiss"]
[EventCountry "AUT"]
[SourceTitle "playchess.com"]
[Source "ChessBase"]
[SourceQuality "1"]
[TimeControl "5400+30"]

1. d4 Nf6 2. c4 g6 3. Nc3 Bg7 4. e4 d6 5. Be2 O-O 6. h4 (6. Be3 $14) 6... Nbd7 {[%emt 0:00:53] E73: King's Indian: Averbakh Variation without 6...c5.} (6... c5 $11) 7. h5 $14 e5 8. hxg6 fxg6 {[%emt 0:00:07] White is slightly better.} 9. d5 Nc5 10. Qc2 a5 11. Bg5 {[%emt 0:02:36] [#]} Qd7 $146 ({Predecessor:} 11... c6 12. f3 a4 13. g4 cxd5 14. exd5 e4 15. fxe4 Qa5 16. Bd2 Bxg4 17. Rb1 Bxe2 18. Ngxe2 {0-1 (25) Dettmann,H-Baumgardt,U Germany 1996}) 12. Bf3 (12. Nh3 $14) 12... Qf7 13. O-O-O Bg4 (13... c6 $11) 14. Rh4 Bxf3 (14... Bd7 $14) 15. Nxf3 $16 Nh5 16. Kb1 (16. Be3 $16) 16... Nf4 {[%emt 0:03:17] This costs Black the game.} (16... Bf6 $1 $11 {and Black is okay.}) 17. Bxf4 $18 exf4 {[%emt 0:00:06] [#]} 18. Rxh7 $3 Qf6 (18... Rae8 19. Rdh1) 19. Rhh1 ({But not} 19. Rdh1 Rae8 20. a3 Rf7 $16) 19... a4 20. a3 Ra6 21. Ka2 Re8 22. Rhe1 Rb6 23. Nd4 Nb3 $2 (23... Ra6 {was called for.} 24. f3 Kf7) 24. Ndb5 c6 $2 (24... Nc5 25. Nxc7 Rc8) 25. Nxa4 Rxb5 26. cxb5 Nd4 {[%emt 0:00:16] [#]} (26... cxb5 $142 27. Qxb3 bxa4 28. Qxb7 f3 29. gxf3 Qxf3) 27. Rxd4 $1 Qxd4 28. bxc6 b5 29. Nc3 Qc4+ 30. Qb3 Qd4 31. Re2 Ra8 32. Nxb5 Qe5 33. f3 {[%emt 0:01:08] Nc7 is the strong threat.} Qe7 {[%emt 0:00:34] Inhibits Nc7.} 34. Rc2 Bf6 35. c7 Qd7 {[%emt 0:00:06] [#]} 36. Qc4 (36. Na7 $142 $1 Rf8 (36... Bd8 37. Qb7) 37. Qb7 g5 38. c8=Q Qxb7 39. Qxb7 g4 40. Qd7 Rf7 41. Rc8+ Kg7 42. Qxg4+ Kh6 {[#]} 43. Rg8 $1) 36... Rc8 37. Na7 g5 38. Nxc8 {[%emt 0:00:00] White mates.} Qxc8 {[%emt 0:00:04] KQR-KQB} 39. Qb5 g4 40. Qb8 g3 41. Qxc8+ Kg7 42. Qg4+ Bg5 43. c8=Q Kh7 44. Rc7+ Kh6 45. Qcf5 Be7 46. Qgg6# {[%emt 0:00:00] Weighted Error Value: White=0.25 (precise) /Black=0.61} 1-0

[Event "Vienna Championship-B 2022"]
[Site "Vienna"]
[Date "2022.09.17"]
[Round "1.2"]
[White "Reif, Werner"]
[Black "Wagner, Leopold Franziskus"]
[Result "0-1"]
[ECO "A46"]
[WhiteElo "1747"]
[BlackElo "2201"]
[Annotator "TA"]
[PlyCount "84"]
[EventDate "2022.09.17"]
[EventType "swiss"]
[EventCountry "AUT"]
[SourceTitle "playchess.com"]
[Source "ChessBase"]
[SourceQuality "1"]
[TimeControl "5400+30"]

1. d4 Nf6 2. Nf3 e6 3. Bg5 Be7 4. e3 b6 5. Bd3 Bb7 6. Nbd2 h6 7. Bh4 c5 8. c3 d5 9. O-O Nbd7 10. Ne5 Nxe5 11. dxe5 {[%emt 0:00:07] A46: 1 d4 Nf6 2 Nf3 e6: Torre, London and Colle Systems.} Nd7 12. Bxe7 Qxe7 13. f4 {[%emt 0:00:27] The position is equal.} O-O-O 14. Qe2 f6 15. exf6 Nxf6 16. Nf3 {[%emt 0:03:53] [#]} Rhg8 $146 ({Predecessor:} 16... Nd7 17. Bb5 Rhf8 18. a4 Nb8 19. Ne5 Rf6 20. a5 a6 21. axb6 axb5 22. Qxb5 Qd6 23. Ra7 Nd7 24. Rfa1 Qxb6 25. R1a5 c4 26. g3 {½-½ (26) Keitlinghaus,L (2390)-Kohlweyer,B (2325) Dortmund 1988}) 17. Ne5 ({White should try} 17. a4 $16) 17... g5 18. Ba6 {[%emt 0:00:29] Threatens to win with Nc6.} Kb8 19. a4 $1 {[%emt 0:04:40] a5 is the strong threat.} c4 (19... Qc7 $14) 20. Bxb7 Kxb7 21. b4 (21. a5 $16) 21... Qc7 22. b5 {[%emt 0:10:40] And now Nc6 would win.} gxf4 (22... Rdf8 $11) 23. exf4 ({Better is} 23. Nc6 $16) 23... Ne4 24. Qe3 Qc5 $36 {[%emt 0:01:19][%mdl 2048] Black is more active. Really sharp!} (24... Qg7 25. g3 $14) 25. Qxc5 bxc5 26. Rf3 Nd2 27. Rf2 Ne4 28. Rf3 a6 29. Re1 (29. bxa6+ $1 $11 {keeps the balance.} Kxa6 30. Re1) 29... axb5 $17 30. axb5 Nd6 (30... Ra8 $17) 31. Rh3 $11 Nf5 (31... Rh8 $11 {remains equal.}) 32. Nf7 (32. g4 $16) 32... Rd7 33. Nxh6 {[%emt 0:02:43] [#]} (33. Ne5 $1 $11 Rh7 34. Nc6) 33... Rh8 $1 $17 34. Nxf5 {[%emt 0:00:26] Now White is beyond hope.} ({Not} 34. Rxe6 $2 Rxh6 35. Rhxh6 (35. Rexh6 $2 Nxh6 36. Kf1 Ng4 $19) 35... Nxh6 $19) (34. Ng4 $17 {only move.} Rxh3 35. gxh3) 34... Rxh3 $19 35. gxh3 (35. Ne3 Rhh7 36. g3) 35... exf5 $17 {[%emt 0:00:03][%mdl 4096] Endgame KR-KR. Black is clearly winning.} 36. Re5 (36. Kf2 $142 Kb6 37. h4) 36... d4 $19 37. cxd4 c3 38. Rxc5 {[%emt 0:11:13] [#]} Rc7 $1 39. Rxc3 Rxc3 40. Kg2 Kb6 41. h4 Kxb5 42. h5 Kc4 {[%emt 0:00:06] Weighted Error Value: White=0.70/Black=0.20 (precise)} 0-1

[Event "Vienna Championship-B 2022"]
[Site "Vienna"]
[Date "2022.09.17"]
[Round "1.3"]
[White "Bonk, Andras"]
[Black "Kunschek, Horst"]
[Result "1-0"]
[ECO "C44"]
[WhiteElo "2175"]
[BlackElo "1743"]
[Annotator "TA"]
[PlyCount "83"]
[EventDate "2022.09.17"]
[EventType "swiss"]
[EventCountry "AUT"]
[SourceTitle "playchess.com"]
[Source "ChessBase"]
[SourceQuality "1"]
[TimeControl "5400+30"]

1. e4 e5 2. Nf3 Nc6 3. d4 exd4 4. c3 d5 5. exd5 Qxd5 6. cxd4 Nf6 7. Nc3 Bb4 8. Be2 O-O 9. O-O Bxc3 {[%emt 0:00:18] C44: Ponziani Opening and Scotch Gambit.} 10. bxc3 h6 {[%emt 0:00:08] [#]} 11. c4 $146 (11. Bf4 $16) ({Predecessor:} 11. Bf4 Qd8 12. Qc1 Nd5 13. Bd2 Re8 14. Re1 Bf5 15. a3 Na5 16. Qb2 Nb6 17. Qb5 {0-1 (60) Drakakis,G (1754)-Chrysomallis,T (1985) Greece 2009}) 11... Qd8 (11... Qd6 $1 $11) 12. Bb2 Bg4 13. d5 Na5 14. Qa4 (14. Rc1 $16) 14... b6 $14 15. c5 {[%emt 0:04:40] [#] Bxf6 is the strong threat.} Bh5 (15... Qe8 $1 $11 {remains equal.} 16. Bb5 Qe4) 16. Qh4 {[%emt 0:01:41] White is more active.} Bxf3 ({Black should try} 16... Re8 $14) 17. Bxf3 $18 Nxd5 (17... bxc5 $2 18. Bc3 $18) (17... Rb8 $142) 18. Qd4 Nf6 19. Bxa8 {[%emt 0:00:26] A strong pair of Bishops.} Qxd4 20. Bxd4 Rxa8 21. Rac1 {[%emt 0:04:42] Black must now prevent cxb6.} Nd5 22. Rfd1 Nf4 23. Kf1 {[%emt 0:00:50] Prevents Ne2.} Ne6 24. Be3 Nb7 25. cxb6 ({White should play} 25. c6 Nd6 26. Rd5) 25... axb6 $16 26. Rd7 Rxa2 {[%emt 0:00:28] Black is now going downhill.} (26... b5 $14) 27. Bxb6 $1 $18 cxb6 28. Rxb7 $14 {[%emt 0:00:17][%mdl 4096] Endgame KRR-KRN} Rb2 $2 (28... Nc5 $16 {was necessary.} 29. Rxb6 Nd3) 29. Rc8+ $18 Kh7 30. Rxf7 b5 31. g3 b4 (31... Rd2 $142 32. Re7 Rd6) 32. Re7 Nd4 33. Rcc7 Nf5 34. Rf7 Kg6 35. g4 Nd4 36. Rxg7+ Kf6 37. Rgd7 Ke5 38. Rc5+ Ke4 39. Rc4 (39. Re7+ $142 Kf4 40. Rc4) 39... Kf3 {[%emt 0:00:27] [#] Strongly threatening ...Rb1+.} 40. Rcxd4 Rxf2+ 41. Ke1 {[%emt 0:00:47] Intending Rd3+ and mate.} Rxh2 42. Rxb4 {[%emt 0:00:21] Weighted Error Value: White=0.36/Black=0.43} 1-0

[Event "Vienna Championship-B 2022"]
[Site "Vienna"]
[Date "2022.09.17"]
[Round "1.4"]
[White "Powell, Joshua"]
[Black "Zetthofer, Gerald"]
[Result "0-1"]
[ECO "A34"]
[WhiteElo "1738"]
[BlackElo "2153"]
[Annotator "TA"]
[PlyCount "76"]
[EventDate "2022.09.17"]
[EventType "swiss"]
[EventCountry "AUT"]
[SourceTitle "playchess.com"]
[Source "ChessBase"]
[SourceQuality "1"]
[TimeControl "5400+30"]

1. c4 c5 2. Nc3 Nf6 3. e4 Nc6 4. Nge2 e5 5. g3 d6 6. Bg2 {[%emt 0:01:48] A34: Symmetrical English: 2 Nc3, lines with ...d5.} h5 7. d3 h4 8. h3 {[%emt 0:06:38] The position is equal.} hxg3 {[%emt 0:00:38] [#]} 9. f4 $146 (9. fxg3 $11 {keeps the balance.} a6 10. Bg5) ({Predecessor:} 9. fxg3 Be7 10. Be3 Nd4 11. Nd5 Nxd5 12. cxd5 Bg5 13. Bxg5 Qxg5 14. Qd2 Qxd2+ 15. Kxd2 Nxe2 16. Kxe2 {½-½ (55) Kalivoda,J (2195)-Muratidis,N (2194) Czech Republic 2014}) 9... Nh5 $17 {[%emt 0:01:40] Black is more active.} 10. f5 Be7 11. Nd5 Bh4 12. a3 Bd7 13. b4 Nf6 (13... Nd4 $19 14. O-O Nf6) 14. Bb2 (14. bxc5 $17 dxc5 15. Rb1) 14... Nxd5 15. cxd5 Nd4 16. Bxd4 (16. O-O {was necessary.}) 16... cxd4 $19 ({Inferior is} 16... exd4 17. O-O $17) 17. Ng1 $2 (17. O-O) 17... Bg5 18. Qf3 a5 19. Rb1 axb4 20. axb4 Ra2 21. Ne2 Bd2+ 22. Kf1 Bb5 23. Qxg3 Qh4 24. Rb3 Ba4 25. Rb1 Bc2 {[%emt 0:01:00] A strong pair of Bishops.} 26. Qxh4 Rxh4 27. Rc1 Bxd3 28. Rc8+ Kd7 {[%emt 0:00:17] [#] ( -> ...Be3)} 29. Rf8 Rf4+ 30. Kg1 Bxe2 (30... Ke7 $142 31. Ra8 Rxa8 32. Nxd4 exd4 33. b5 Ra2 34. Kh2 Rf2 35. Rc1 Bxc1 36. f6+ gxf6 37. h4 Rxg2+ 38. Kh3 Bxe4 39. h5 Ra3+ 40. Kh4 Bg5#) 31. Kh2 Bh5 {[%emt 0:01:22] Black mates.} 32. Rh8 {[%emt 0:01:34] [#]} Rf2 $1 33. Rg1 (33. Kg3 Bf4+) 33... Bf3 34. Kg3 Bf4+ 35. Kh4 Rxg2 36. Rxg2 Rxg2 37. Rh5 f6 38. b5 Bg3# {[%emt 0:00:09] Weighted Error Value: White=1.20/Black=0.46} 0-1

[Event "Vienna Championship-B 2022"]
[Site "Vienna"]
[Date "2022.09.17"]
[Round "1.5"]
[White "Gratze, Michael"]
[Black "Hirsch, Adolf Jun."]
[Result "0-1"]
[ECO "C05"]
[WhiteElo "1954"]
[BlackElo "1731"]
[Annotator "TA"]
[PlyCount "98"]
[EventDate "2022.09.17"]
[EventType "swiss"]
[EventCountry "AUT"]
[SourceTitle "playchess.com"]
[Source "ChessBase"]
[SourceQuality "1"]
[TimeControl "5400+30"]

1. e4 e6 2. d4 d5 3. Nd2 c5 4. Ngf3 Nf6 5. e5 Nfd7 6. c4 Nc6 7. cxd5 exd5 8. Bd3 cxd4 9. O-O Be7 (9... Ncxe5 $2 10. Nxe5 Nxe5 11. Re1 $18) 10. Re1 {[%emt 0:00:11] C05: French Tarrasch: 3...Nf6 4 e5 Nfd7, 5 f4 and 5 Bd3 sidelines.} Nc5 11. Nb3 Nxd3 12. Qxd3 {[%emt 0:00:08] The position is equal.} Nb4 13. Qd1 d3 14. Nfd4 {[%emt 0:00:20] [#] Inhibits Nc2.} Nc2 $146 ({Predecessor:} 14... Qb6 15. Be3 Qg6 16. Qd2 O-O 17. a3 Bh3 18. f3 Nc2 19. Nxc2 dxc2 20. Nd4 Rac8 {½-½ (44) Zapata,A (2398)-Panchanatham,V (2431) Charlotte 2018}) 15. Nxc2 dxc2 16. Qxc2 Be6 17. Nd4 O-O 18. Qb3 Qd7 19. Be3 (19. Qg3 {looks sharper.} Rfc8 20. Be3 Bc5 21. Bh6) 19... a6 20. Rec1 Rac8 21. Qd1 Rxc1 22. Rxc1 Rc8 23. Rxc8+ Qxc8 24. Qc2 Qxc2 25. Nxc2 $11 {[%emt 0:00:01][%mdl 4096] Endgame KBB-KBN} d4 26. Nxd4 Bxa2 27. Nf5 Bb4 28. Bb6 Be6 29. Nd4 Kf8 30. Nxe6+ (30. g3 $11) 30... fxe6 {[%emt 0:00:02] KB-KB} 31. f4 Ke8 32. Kf2 {[%emt 0:00:57] [#]} Kd7 $1 33. Kf3 Kc6 34. Bd4 Kd5 35. Ke3 {[%emt 0:00:04][%mdl 8192] White does not recover from this.} (35. Bb6 $17 {was the only chance.}) 35... Bd2+ $19 36. Kxd2 (36. Kd3 $142 Bxf4 37. h3) 36... Kxd4 {[%emt 1:07:49] KP-KP} 37. Kc2 a5 38. Kd2 b5 39. Kc2 a4 40. b3 h5 41. bxa4 bxa4 {[%emt 0:00:00] Black mates.} 42. Kb2 Ke4 43. g3 g6 44. Ka3 Kf3 45. Kxa4 Kg2 46. Kb5 Kxh2 47. Kc6 Kxg3 48. Kd6 {[%emt 0:00:00] [#]} h4 $1 49. Kxe6 h3 {[%emt 0:00:00] Weighted Error Value: White=0.55/Black=0.02 (flawless)} ({Not} 49... Kxf4 50. Kf6 $11) 0-1

[Event "Vienna Championship-B 2022"]
[Site "Vienna"]
[Date "2022.09.17"]
[Round "1.6"]
[White "Stadlinger, Lukas"]
[Black "Anastasakis, Georgios"]
[Result "0-1"]
[ECO "A01"]
[WhiteElo "1729"]
[BlackElo "1893"]
[Annotator "NA COMBH"]
[PlyCount "80"]
[EventDate "2022.09.17"]
[EventType "swiss"]
[EventCountry "AUT"]
[SourceTitle "playchess.com"]
[Source "ChessBase"]
[SourceQuality "1"]
[TimeControl "5400+30"]

1. b3 e5 2. Bb2 Nc6 3. e3 g6 4. c4 Bg7 5. Nc3 Nge7 6. Nge2 d6 7. a3 Be6 8. g3 O-O 9. Bg2 d5 10. d3 Qd7 11. Qc2 Rad8 12. Rd1 d4 13. exd4 exd4 14. Ne4 b6 15. Nf4 Ne5 16. O-O Bg4 17. f3 Be6 18. Rde1 Nf5 19. Bc1 Rfe8 20. Re2 c5 21. a4 Nc6 22. Ng5 Ne3 23. Bxe3 dxe3 24. Ngxe6 Rxe6 25. Nd5 Nd4 26. Qd1 Nxe2+ 27. Qxe2 f5 28. f4 Qd6 29. Rd1 h6 30. Kh1 Bd4 31. Rf1 Kg7 32. Bh3 Qc6 33. Bg2 Qc8 34. Bh3 h5 35. Rg1 Kf7 36. Rg2 Qb7 37. Rg1 Rh8 38. Bg2 Qd7 39. Bf3 a6 40. Nxb6 Rxb6 0-1

[Event "Vienna Championship-B 2022"]
[Site "Vienna"]
[Date "2022.09.17"]
[Round "1.7"]
[White "Andresen, Erik"]
[Black "Kern, Julian"]
[Result "1-0"]
[ECO "B86"]
[WhiteElo "1879"]
[BlackElo "1694"]
[Annotator "NA COMBH"]
[PlyCount "52"]
[EventDate "2022.09.17"]
[EventType "swiss"]
[EventCountry "AUT"]
[SourceTitle "playchess.com"]
[Source "ChessBase"]
[SourceQuality "1"]
[TimeControl "5400+30"]

1. e4 c5 2. Nf3 d6 3. d4 cxd4 4. Nxd4 Nf6 5. Nc3 a6 6. Bc4 e6 7. Bb3 Be7 8. g4 O-O 9. g5 Ne8 10. Be3 Nc6 11. Rg1 Na5 12. Qh5 Nxb3 13. axb3 f5 14. exf5 exf5 15. Nd5 g6 16. Qe2 Nc7 17. Qc4 Nxd5 18. Qxd5+ Rf7 19. O-O-O Bf8 20. h4 Qc7 21. h5 Bg7 22. hxg6 hxg6 23. Ne6 Bxe6 24. Qxe6 Rc8 25. c3 Qa5 26. Qxc8+ Qd8 1-0

[Event "Vienna Championship-B 2022"]
[Site "Vienna"]
[Date "2022.09.17"]
[Round "1.8"]
[White "Pavlov, Alexander"]
[Black "Bytyqi, Kujtim"]
[Result "0-1"]
[ECO "B01"]
[WhiteElo "1751"]
[BlackElo "1862"]
[Annotator "NA COMBH"]
[PlyCount "80"]
[EventDate "2022.09.17"]
[EventType "swiss"]
[EventCountry "AUT"]
[SourceTitle "playchess.com"]
[Source "ChessBase"]
[SourceQuality "1"]
[TimeControl "5400+30"]

1. e4 d5 2. exd5 Nf6 3. d4 Bg4 4. Be2 Bxe2 5. Nxe2 Qxd5 6. O-O Nc6 7. Nbc3 Qf5 8. a3 O-O-O 9. Be3 e5 10. d5 e4 11. Nd4 Nxd4 12. Qxd4 b6 13. Rad1 Bd6 14. Qa4 Ng4 15. h3 Nxe3 16. fxe3 Qe5 17. Qxe4 Qh2+ 18. Kf2 Rde8 19. Qf5+ Kb8 20. Ne4 g6 21. Qf3 Be7 22. Ng3 Bh4 23. Rde1 Re5 24. e4 Rg5 25. Re3 Rxg3 26. Qxg3 Bxg3+ 27. Rxg3 Re8 28. Re1 Re5 29. Kf3 f5 30. Kf4 Rxe4+ 31. Rxe4 fxe4 32. Kg4 g5 33. c4 h5+ 34. Kxg5 Qxg3+ 35. Kxh5 e3 36. c5 e2 37. d6 cxd6 38. cxd6 e1=Q 39. d7 Qee5+ 40. Kh6 Qh8# 0-1

[Event "Vienna Championship-B 2022"]
[Site "Vienna"]
[Date "2022.09.17"]
[Round "1.10"]
[White "Pantelic, Slobodan"]
[Black "Nemetz, Markus"]
[Result "1/2-1/2"]
[ECO "D02"]
[WhiteElo "1596"]
[BlackElo "1830"]
[Annotator "NA COMBH"]
[PlyCount "183"]
[EventDate "2022.09.17"]
[EventType "swiss"]
[EventCountry "AUT"]
[SourceTitle "playchess.com"]
[Source "ChessBase"]
[SourceQuality "1"]
[TimeControl "5400+30"]

1. Nf3 Nf6 2. d4 d5 3. Bf4 e6 4. h3 c5 5. c3 Nc6 6. e3 Qb6 7. Qc1 Bd7 8. Be2 Rc8 9. O-O Be7 10. Na3 O-O 11. Nb5 a6 12. Nd6 Bxd6 13. Bxd6 Nxd4 14. exd4 Qxd6 15. Qe3 cxd4 16. Nxd4 e5 17. Nb3 Rfe8 18. Rad1 Ba4 19. Bf3 e4 20. Be2 Bxb3 21. axb3 Qc5 22. Rd4 h6 23. Rfd1 a5 24. b4 axb4 25. Rxb4 Qxe3 26. fxe3 Rc7 27. Ra1 Kh7 28. Ra7 Ree7 29. Ra8 Kg6 30. Ra5 Red7 31. Rab5 Kh7 32. Rb6 Kg8 33. Kf2 Kf8 34. Kg3 Ke7 35. h4 Kd8 36. Kf4 Re7 37. g4 d4 38. Rxd4+ Rcd7 39. Rbd6 Rxd6 40. Rxd6+ Kc7 41. Rd4 Kc6 42. g5 Nd5+ 43. Kf5 Nxe3+ 44. Kf4 Nd5+ 45. Kg4 hxg5 46. hxg5 Re5 47. Rc4+ Kd7 48. Rd4 Ke7 49. Bc4 Ne3+ 50. Kf4 Nxc4 51. Rxc4 Ra5 52. Rxe4+ Kd7 53. Rd4+ Ke7 54. Rb4 Ra7 55. Rb5 f6 56. Kf5 fxg5 57. Kxg5 Kf7 58. Rf5+ Kg8 59. Rc5 Ra1 60. Rc8+ Kh7 61. Rc7 Rg1+ 62. Kh4 b6 63. Rc6 Rg6 64. Rc4 Kg8 65. Kh5 Rd6 66. Kg5 Kf7 67. Rc7+ Kg8 68. c4 Rd2 69. b4 Rg2+ 70. Kf5 Rf2+ 71. Ke4 Rf6 72. Ke5 Rh6 73. Kd5 g5 74. Ke5 Rh4 75. Kf5 b5 76. Kxg5 Rd4 77. cxb5 Rxb4 78. Rb7 Kf8 79. Kf5 Ke8 80. Ke5 Kd8 81. Kd5 Kc8 82. Rb6 Rb1 83. Kc5 Kc7 84. Rh6 Rc1+ 85. Kb4 Rb1+ 86. Ka4 Ra1+ 87. Kb3 Rb1+ 88. Kc4 Rc1+ 89. Kd5 Rd1+ 90. Ke4 Rb1 91. Rc6+ Kb7 92. Rc5 1/2-1/2

[Event "Vienna Championship-B 2022"]
[Site "Vienna"]
[Date "2022.09.17"]
[Round "1.11"]
[White "Obenaus, Paul"]
[Black "Paseka, Christian"]
[Result "1-0"]
[ECO "A80"]
[WhiteElo "1825"]
[BlackElo "1568"]
[Annotator "NA COMBH"]
[PlyCount "83"]
[EventDate "2022.09.17"]
[EventType "swiss"]
[EventCountry "AUT"]
[SourceTitle "playchess.com"]
[Source "ChessBase"]
[SourceQuality "1"]
[TimeControl "5400+30"]

1. d4 f5 2. Bg5 g6 3. e3 Bg7 4. Nc3 Nf6 5. Bd3 d6 6. Nf3 O-O 7. h4 h6 8. Bxf6 Bxf6 9. Ne2 c6 10. c3 Qe8 11. Bc4+ d5 12. Bd3 Bg7 13. Nf4 e6 14. Rh3 Nd7 15. Rg3 Rf6 16. Ne5 Nf8 17. Qc2 b5 18. a4 Bd7 19. axb5 cxb5 20. Ra6 Bc8 21. Ra5 Bd7 22. Nxd7 Qxd7 23. Bxb5 Qc7 24. Qa4 Kh7 25. Ra6 Rb8 26. Rxa7 Qb6 27. Ra5 Rf7 28. b4 Rfb7 29. Kd2 Bf6 30. Rh3 g5 31. hxg5 Bxg5 32. Nd3 Ng6 33. Nc5 f4 34. Nd7 fxe3+ 35. fxe3 Qd6 36. Nxb8 Bxe3+ 37. Rxe3 Qf4 38. Ra7 Qf2+ 39. Be2 Nf4 40. Rxb7+ Kg6 41. Qe8+ Kf5 42. Re5+ 1-0

[Event "Vienna Championship-B 2022"]
[Site "Vienna"]
[Date "2022.09.17"]
[Round "1.12"]
[White "Onipko, Mark"]
[Black "Stinner, David"]
[Result "1/2-1/2"]
[ECO "B13"]
[WhiteElo "1507"]
[BlackElo "1823"]
[Annotator "NA COMBH"]
[PlyCount "106"]
[EventDate "2022.09.17"]
[EventType "swiss"]
[EventCountry "AUT"]
[SourceTitle "playchess.com"]
[Source "ChessBase"]
[SourceQuality "1"]
[TimeControl "5400+30"]

1. e4 c6 2. d4 d5 3. exd5 cxd5 4. Bd3 Nc6 5. c3 Nf6 6. h3 e5 7. dxe5 Nxe5 8. Bc2 Bd6 9. Nf3 O-O 10. O-O Nxf3+ 11. Qxf3 Be6 12. Bg5 Be7 13. Qd3 Ne4 14. Bxe7 Qxe7 15. Nd2 Nf6 16. Nf3 g6 17. Nd4 Bd7 18. Rfe1 Qd6 19. Qf3 Rfe8 20. Rad1 Rxe1+ 21. Rxe1 Re8 22. Rxe8+ Bxe8 23. Qe3 Kg7 24. Qg5 Bd7 25. f3 a6 26. Bb3 h6 27. Qe3 Be6 28. Bc2 Nd7 29. f4 Nb8 30. f5 Bd7 31. fxg6 fxg6 32. h4 Nc6 33. h5 Qe5 34. Qxe5+ Nxe5 35. hxg6 Nxg6 36. Bxg6 Kxg6 37. Kf2 Kf6 38. Kg3 Kg5 39. Nf3+ Kf5 40. Kh4 Be8 41. Nd4+ Ke4 42. g4 Bd7 43. Kh5 b5 44. Nb3 Bc8 45. Nc5+ Ke3 46. Kxh6 Bxg4 47. Nxa6 d4 48. cxd4 Kxd4 49. b4 Kc4 50. a3 Kb3 51. Nc7 Kxa3 52. Kg5 Kxb4 53. Kxg4 Kc4 1/2-1/2

[Event "Vienna Championship-B 2022"]
[Site "Vienna"]
[Date "2022.09.17"]
[Round "1.14"]
[White "Marinovic, Sara"]
[Black "Iehl, William"]
[Result "1-0"]
[ECO "B49"]
[WhiteElo "1384"]
[BlackElo "1781"]
[Annotator "NA COMBH"]
[PlyCount "91"]
[EventDate "2022.09.17"]
[EventType "swiss"]
[EventCountry "AUT"]
[SourceTitle "playchess.com"]
[Source "ChessBase"]
[SourceQuality "1"]
[TimeControl "5400+30"]

1. e4 c5 2. Nf3 e6 3. d4 cxd4 4. Nxd4 Nc6 5. Nc3 Qc7 6. Be3 a6 7. Be2 Bb4 8. O-O Nf6 9. Nxc6 dxc6 10. Bd3 O-O 11. f4 e5 12. f5 b5 13. Qf3 Bb7 14. g4 Bxc3 15. bxc3 c5 16. g5 Ne8 17. f6 gxf6 18. gxf6 Kh8 19. Bh6 Rg8+ 20. Kf2 Rg6 21. Bg7+ Nxg7 22. fxg7+ Kxg7 23. Rg1 Qe7 24. Rxg6+ hxg6 25. c4 b4 26. Qg3 Rh8 27. Rf1 Qh4 28. Qxh4 Rxh4 29. Kg3 Rh5 30. h4 Bc8 31. Be2 Rh8 32. Rd1 Bb7 33. Bf3 f5 34. Rd7+ Kf6 35. Rxb7 f4+ 36. Kg4 Re8 37. Rb6+ Re6 38. Rxe6+ Kxe6 39. Kg5 Kf7 40. h5 gxh5 41. Bxh5+ Ke6 42. Bg4+ Kd6 43. Kf5 a5 44. Bh5 a4 45. Bd1 a3 46. Bh5 1-0

[Event "Vienna Championship-B 2022"]
[Site "Vienna"]
[Date "2022.09.18"]
[Round "2.1"]
[White "Obenaus, Paul"]
[Black "Kummer, Helmut"]
[Result "1/2-1/2"]
[ECO "D37"]
[WhiteElo "1825"]
[BlackElo "2203"]
[Annotator "TA"]
[PlyCount "105"]
[EventDate "2022.09.17"]
[EventType "swiss"]
[EventCountry "AUT"]
[SourceTitle "playchess.com"]
[Source "ChessBase"]
[SourceQuality "1"]
[TimeControl "5400+30"]

1. d4 d5 2. c4 e6 3. Nf3 Nf6 4. Nc3 Be7 5. Bf4 O-O 6. e3 a6 7. c5 b6 8. b4 {[%emt 0:00:21] D37: Queen's Gambit Declined: 5 Bf4.} Bb7 9. Bd3 Ne4 {[%emt 0:02:09] [#]} 10. Rc1 $146 {[%emt 0:07:09] White has an edge.} (10. Qc2 $5 ) ({Predecessor:} 10. Qc2 f5 11. h3 Nc6 12. a3 Rc8 13. Ne5 Nxe5 14. Bxe5 Bf6 15. c6 Bxc6 16. Nxe4 fxe4 17. Bxa6 {½-½ (60) Klugstedt,V (1877)-Alexandrov,D (1785) Kiel 2022}) 10... f5 (10... a5 $11) 11. h3 a5 12. a3 {[%emt 0:18:56] And now Nb5 would win.} axb4 13. axb4 bxc5 14. bxc5 c6 {[%emt 0:07:42] Inhibits Nb5.} (14... Bf6 $11) 15. O-O Nd7 16. Ne5 (16. Qb3 $5 Qc8 17. Rb1 $14) 16... Nxe5 17. Bxe5 Nxc3 18. Rxc3 Ba6 19. Bxa6 {[%emt 0:02:31] White has more active pieces.} Rxa6 20. Rb3 Qd7 21. Qb1 {[%emt 0:05:49] Rb7 is the strong threat.} Ra7 {[%emt 0:05:07] Against Rb7} 22. Bb8 $1 Ra8 23. Rb7 (23. Qb2 $142 $1) 23... Qc8 (23... Qe8 $16 24. Bc7 Rf7) 24. Be5 $1 $18 ({Don't do} 24. Rxe7 $6 Rxb8 25. Qa2 Ra8 $14) 24... Bf6 {[%emt 0:00:19] [#]} 25. Rc7 $1 Qa6 26. Bxf6 Rxf6 27. Qb6 f4 28. Rxc6 Qxb6 29. cxb6 ({Don't take} 29. Rxb6 $6 Ra2 30. Rb7 Rf7 31. Rb8+ Rf8 $16) 29... fxe3 30. fxe3 Rxf1+ 31. Kxf1 {[%emt 0:00:06][%mdl 4096] Endgame KR-KR} Kf7 32. b7 Ra1+ 33. Ke2 Rb1 34. Rc7+ Kf6 35. Kd3 (35. g4 $18 {has better winning chances.}) 35... Rb3+ (35... h5 $16 36. e4 g6 37. e5+ Kf5 38. Rf7+ Kg5) 36. Kc2 Rb5 37. Kd3 (37. g4 $18) 37... Rb3+ $1 $16 {[%emt 0:00:04] [#]} 38. Kc2 (38. Kd2 $1 $16) 38... Rb5 $1 $18 39. Kc3 (39. g4 $18) 39... h5 $16 40. g3 (40. h4 $16) 40... g5 $11 41. g4 hxg4 42. hxg4 Rb1 43. Kd3 {[%emt 0:01:07] Black must now prevent e4.} Rb3+ 44. Ke2 Rb2+ 45. Kf3 Rb3 46. Rd7 Kg6 47. Re7 Kf6 48. Rd7 Kg6 49. Rd6 (49. Ke2 $11) 49... Kf6 $14 50. Rd7 Kg6 $1 51. Kf2 Kf6 52. Ke2 Kg6 53. Ke1 {[%emt 0:03:20] Blacks defense is rewarded with a draw.  Weighted Error Value: White=0.23 (precise) /Black=0.14 (very precise)} ({White should play} 53. Kf3 $16) 1/2-1/2